 Dungeon Crawl Stone Soup version 0.16-a0-702-gf4f471d (webtiles) character file.

95 PolkaDot the Skirmisher (level 4, -2/41 HPs)
             Began as a Draconian Transmuter on Sept 20, 2014.
             Killed from afar by an orc wizard (10 damage)
             ... with a puff of flame
             ... on Level 3 of the Dungeon.
             The game lasted 00:06:43 (2249 turns).

PolkaDot the Skirmisher (Draconian Transmuter)      Turns: 2249, Time: 00:06:44

HP  -2/41        AC  6     Str 12      XL: 4   Next: 40%
MP   7/7         EV 12     Int 14      God:
Gold 70          SH  0     Dex 12      Spells:  2 memorised,  4 levels left

rFire  . . .     SeeInvis .       - Unarmed
rCold  . . .     Clarity  .     (armour unavailable)
rNeg   . . .     rCorr    .     (no shield)
rPois  .         rRot     .     (helmet restricted)
rElec  .         Spirit   .     g - +0 cloak
SustAb .         Warding  .     (no gloves)
rMut   .         Stasis   .     (no boots)
Gourm  .                        (no amulet)
MR     .....                    (no ring)
                                (no ring)

@: not resistant to hostile enchantments, very unstealthy
A: unfitting armour, cold-blooded, AC +5
a: no special abilities


You were on level 3 of the Dungeon.
You were not hungry.

You visited 1 branch of the dungeon, and saw 3 of its levels.

You collected 70 gold pieces.

Inventory:

Missiles
 b - 28 arrows
 k - 7 tomahawks (quivered)
Armour
 g - a +0 cloak (worn)
Comestibles
 a - 3 bread rations
 j - a rotting chunk of rat flesh
 m - a rotting chunk of giant cockroach flesh
 n - 3 rotting chunks of hobgoblin flesh
Scrolls
 f - a scroll of enchant armour {unknown}
 h - 3 scrolls of remove curse {unknown}
 l - a scroll of fog {unknown}
 q - 2 scrolls of recharging {unknown}
 r - 2 scrolls of identify {unknown}
 t - a scroll of random uselessness {unknown}
Potions
 c - a potion of restore abilities {unknown}
 e - a potion of haste {unknown}
 p - 2 potions of heal wounds {unknown}
Books
 d - a book of Changes

   Spells                             Type                      Level
   *Beastly Appendage                 Transmutation                1
   *Sticks to Snakes                  Transmutation                2
   Spider Form                        Transmutation/Poison         3
   Ice Form                           Ice/Transmutation            4
   Blade Hands                        Transmutation                5


   Skills:
 + Level 4.4 Fighting
 - Level 1.0 Throwing
 - Level 1.7 Dodging
 - Level 3.0 Unarmed Combat
 - Level 2.0 Spellcasting
 - Level 2.0 Transmutations


You had 4 spell levels left.
You knew the following spells:

 Your Spells              Type           Power        Failure   Level  Hunger
a - Beastly Appendage     Trmt           #.....       12%         1    ##.....
s - Sticks to Snakes      Trmt           #.........   17%         2    ###....


Dungeon Overview and Level Annotations

Branches:
Dungeon (3/15)

Altars:
Gozag


Innate Abilities, Weirdness & Mutations

Your plain brown scales are hard (AC +5).
Your body does not fit into most forms of armour.
Your cold-blooded metabolism reacts poorly to cold.


Message History

The orc priest invokes the aid of Beogh against you.
Something smites you!
* * * LOW HITPOINT WARNING * * *
The orc wizard hits you but does no damage.
You hit the orc wizard but do no damage.
Your tail-slap misses the orc wizard.
The orc wizard is almost dead.
The orc wizard casts a spell at you. The magic dart hits you!
* * * LOW HITPOINT WARNING * * *
You barely miss the orc wizard.
You tail-slap the orc wizard, but do no damage.
The orc wizard is almost dead.
The orc wizard closely misses you.
The orc wizard becomes somewhat translucent.
You barely miss the orc wizard.
The orc wizard is almost dead.
The orc wizard gestures at you while chanting.
The puff of flame hits you!
You die...

#.# #.# #.#
#.#
#######.#####
#...........#
#.#####.###.##
#.##...#####
#.<.....@oo#
####...###)#
##.## ... #.#
###.. #.# ##
..# ###


You could see an orc priest and an orc wizard.

Vanquished Creatures
  3 adders (D:2)
  A worm (D:2)
  An orc (D:3)
  A ball python (D:2)
  8 bats
  3 giant cockroaches (D:2)
  7 hobgoblins
  3 jackals (D:1)
  9 kobolds
  2 quokkas (D:2)
  3 giant newts (D:2)
  6 goblins
  10 rats
57 creatures vanquished.

Notes
Turn   | Place    | Note
--------------------------------------------------------------
     0 | D:1      | PolkaDot, the Draconian Transmuter, began the quest for the Orb.
     0 | D:1      | Reached XP level 1. HP: 16/16 MP: 3/3
   245 | D:1      | Reached XP level 2. HP: 24/24 MP: 4/4
   861 | D:1      | Reached skill level 1 in Throwing
   966 | D:1      | Reached XP level 3. HP: 21/30 MP: 4/6
  1157 | D:2      | Learned a level 2 spell: Sticks to Snakes
  1374 | D:2      | Found an opulent altar of Gozag.
  1540 | D:2      | Reached skill level 4 in Fighting
  1540 | D:2      | Reached XP level 4. HP: 25/40 MP: 4/7
  2249 | D:3      | Killed from afar by an orc wizard

Action                   |  1- 3 |  4- 6 || total
-------------------------+-------+-------++-------
Melee: Unarmed           |   117 |    69 ||   186
Throw: Tomahawk          |    28 |       ||    28
 Cast: Beastly Appendage |    14 |     5 ||    19
  Eat: Chunk             |     2 |     3 ||     5
